 Dungeon Crawl Stone Soup version bcrawl-1.39.1 (webtiles) character file.

Game seed: 4758444020089845114

165412 Finalfun the Chopper (level 5, -17/46 HPs)
             Began as a Minotaur Fighter on Sept 21, 2023.
             Demolished by an ogre
             ... wielding a +0 giant club
              (23 damage)
             ... on level 3 of the Dungeon.
             The game lasted 00:08:05 (2188 turns).

Finalfun the Chopper (Minotaur Fighter)             Turns: 2188, Time: 00:08:05

Health: -17/46     AC: 11    Str: 22    XL:     5   Next: 27%
Magic:  4/4        EV:  3    Int:  5    God:
Gold:   104        SH:  9    Dex:  9    Spells: 4/4 levels left

rFire    . . .     GDR:     25% a - +0 war axe
rCold    . . .     SeeInvis .   c - +0 medium shield
rNeg     . . .     Gourm    .   m - +0 plate armour
rPois    .         Faith    .   (helmet restricted)
rElec    .         Spirit   .   (no cloak)
rCorr    .         Reflect  .   (no gloves)
MR       .....                  (no boots)
Stlth    ..........             (no amulet)
HPRegen  0.17/turn              (no ring)
MPRegen  0.09/turn              (no ring)

@: no status effects
A: retaliatory headbutt, horns 2
a: no special abilities


You were on level 3 of the Dungeon.
You were very hungry.

You visited 1 branch of the dungeon, and saw 3 of its levels.

You collected 104 gold pieces.

Inventory:

Hand Weapons
 a - a +0 war axe (weapon)
 o - a +1 hand axe of chopping
Missiles
 l - 68 javelins (quivered)
Armour
 c - a +0 medium shield (worn)
 m - a +0 plate armour (worn)
 n - a +0 pair of boots
Wands
 k - a wand of polymorph (15)
Scrolls
 f - a scroll of amnesia {unknown}
 h - a scroll of enchant weapon {unknown}
 i - a scroll of fog {unknown}
 j - 2 scrolls of teleportation
Potions
 b - a potion of lignification {unknown}
 d - a potion of might
 g - a potion of resistance
 p - a potion of brilliance {unknown}
Comestibles
 e - 5 rations {!d}


   Skills:
 - Level 4.0 Fighting
 + Level 5.1 Axes
 - Level 4.0 Armour
 + Level 2.6 Dodging
 - Level 4.0 Shields


You had 4 spell levels left.
You didn't know any spells.
Your spell library was empty.

Dungeon Overview and Level Annotations

Branches:
Dungeon (3/12)

Altars:
Nemelex Xobeh

Annotations:
D:2 1 runed door


Innate Abilities, Weirdness & Mutations

You reflexively headbutt those who attack you in melee.
You have a pair of horns on your head.


Message History

You hit the ogre.
The ogre is lightly wounded.
The ogre hits you with a +0 giant club.
You closely miss the ogre.
The ogre is lightly wounded.
The ogre hits you with a +0 giant club!!
You slash the ogre! You headbutt the ogre.
The ogre is heavily wounded.
The ogre hits you with a +0 giant club!
* * * LOW HITPOINT WARNING * * *
The ogre hits you but does no damage.
Your plate armour prevents you from hitting the ogre.
The ogre is heavily wounded.
The ogre hits you but does no damage.
You are feeling very hungry.
You hit the ogre.
The ogre is severely wounded.
The ogre hits you with a +0 giant club!!
Ouch! That really hurt!
You die...

... .... .....
...#.####
........#
........#########
#....O@>.....#
###†.#######.#
#(.# #.# #..# #.#
#..# ##.# #...
#..# #.## #.## #.
#.# .. ## #.#


You could see an ogre.

Vanquished Creatures
  A hound (D:2)
  Jessica (D:2)
  An adder (D:2)
  A gnoll (D:2)
  An ooze (D:2)
  A worm (D:2)
  A dart slug (D:1)
  6 leopard geckos
  4 orcs
  7 bats
  5 giant cockroaches
  6 goblins
  13 hobgoblins
  3 jackals (D:1)
  9 kobolds
  2 quokkas
  2 ball pythons (D:1)
  3 frilled lizards
  8 rats
75 creatures vanquished.

Notes
Turn   | Place    | Note
-------+----------+-------------------------------------------
     0 | D:1      | Finalfun the Minotaur Fighter began the quest for the Orb.
     0 | D:1      | Reached XP level 1. HP: 19/19 MP: 0/0
    88 | D:1      | Reached XP level 2. HP: 27/27 MP: 1/1
   351 | D:1      | Reached skill level 3 in Axes
   437 | D:1      | Reached XP level 3. HP: 30/33 MP: 2/2
  1203 | D:2      | Reached skill level 4 in Axes
  1208 | D:2      | Reached skill level 1 in Dodging
  1208 | D:2      | Reached XP level 4. HP: 34/40 MP: 3/3
  1237 | D:2      | Noticed Jessica
  1432 | D:2      | Found a sparkling altar of Nemelex Xobeh.
  1631 | D:2      | Killed Jessica
  1632 | D:2      | Reached skill level 5 in Axes
  1632 | D:2      | Reached XP level 5. HP: 41/46 MP: 4/4
  1692 | D:2      | Found a runed door.
  2173 | D:3      | Noticed an ogre
  2188 | D:3      | Demolished by an ogre

Skill      XL: |  1  2  3  4 |
---------------+-------------+-----
Fighting       | 4 |  4.0
Armour         | 4 |  4.0
Shields        | 4 |  4.0
Axes           | 3 4 5 |  5.1
Dodging        | 1 2 |  2.6

Action                   |  1- 3 |  4- 6 || total
-------------------------+-------+-------++-------
Melee: War axe           |    76 |    97 ||   173
       Headbutt          |    12 |    14 ||    26
Throw: Javelin           |       |     7 ||     7
  Use: Scroll            |       |     2 ||     2
  Eat: Chunk             |     3 |     6 ||     9
Armor: Scale mail        |    31 |     4 ||    35
       Plate armour      |       |    49 ||    49
Dodge: Dodged            |    21 |    10 ||    31
Block: Medium shield     |    32 |    55 ||    87
